AoeStats
← MR.ESSA

Arena

504169869Analyzed
3v3 RM · 2mo ago on Sep 4, 2026· 95m 18s· 6 players
Game mode
Random Map
Map size
Normal (6 player)
Population
200
Speed
Normal
Resources
Standard
Victory
Conquest
Starting age
Dark Age
Ending age
Imperial Age
RankedLock teamsTeams togetherTeam positionsShared explorationLock speedFull tech treeHidden civsTurbo modeCheats
Victory
Defeat
🇹🇷 Mongols · Türkiye
811
+15
🇮🇳 Vietnamese · India
750
+18
🇩🇪 Khmer · Germany
720
+19
vs
🇯🇴 Turks · Jordan
810
-18
🇷🇴 Burgundians · Romania
790
-17
🇨🇦 Ethiopians · Canada
776
-17
the-bud
8:59 Loom
12:11 Feudal Age
16:40 Castle Age
16:07 Double-Bit Axe
22:58 Bow Saw
23:39 Horse Collar
27:51 Wheelbarrow
27:31 Heavy Plow
28:10 Town Watch
29:36 Town Patrol
30:08 Thumb Ring
30:01 Fletching
30:11 Murder Holes
34:25 Imperial Age
32:15 Hand Cart
32:26 Gold Mining
34:24 Padded Archer Armor
34:20 Bodkin Arrow
36:40 Chemistry
36:42 Conscription
36:08 Crossbowman
36:25 Heavy Scorpion
40:26 Ballistics
43:45 Siege Engineers
45:06 Two-Man Saw
44:31 Leather Archer Armor
45:12 Arbalester
46:07 Masonry
52:28 Torsion Engines
53:08 Architecture
53:59 Caravan
75:04 Light Cavalry
82:59 Scale Barding Armor
82:55 Bracer
83:07 Forging
83:47 Squires
83:22 Halberdier
84:08 Scale Mail Armor
85:22 Hussar
88:48 Chain Mail Armor
88:21 Elite Skirmisher
MR.ESSA
11:14 Feudal Age
9:30 Loom
19:54 Castle Age
17:47 Horse Collar
17:58 Double-Bit Axe
36:37 Imperial Age
44:01 Bow Saw
44:21 Elite Janissary
47:23 Heavy Scorpion
54:28 Padded Archer Armor
54:18 Fletching
54:39 Forging
54:29 Murder Holes
54:40 Siphons
54:46 Fortified Wall
71:54 Caravan
CeramicGoose42
8:46 Loom
9:47 Double-Bit Axe
9:46 Horse Collar
11:28 Wheelbarrow
13:45 Feudal Age
14:54 Heavy Plow
15:11 Bow Saw
16:26 Forging
18:14 Hand Cart
18:28 Town Watch
21:52 Castle Age
20:25 Scale Barding Armor
24:02 Gold Mining
24:00 Cavalier
25:19 Iron Casting
26:22 Husbandry
27:30 Chain Barding Armor
35:19 Town Patrol
35:06 Pikeman
35:51 Scale Mail Armor
39:34 Murder Holes
40:20 Crop Rotation
42:54 Chain Mail Armor
45:19 Imperial Age
48:36 Blast Furnace
48:10 Plate Mail Armor
51:19 Paladin
54:48 Plate Barding Armor
69:17 Halberdier
shakerL
11:16 Feudal Age
14:56 Castle Age
13:26 Horse Collar
13:35 Double-Bit Axe
14:53 Wheelbarrow
15:11 Loom
17:40 Heavy Plow
21:41 Gold Mining
22:26 Bow Saw
23:31 Gold Shaft Mining
24:36 Hand Cart
26:53 Caravan
27:31 Town Watch
31:11 Imperial Age
29:28 Scale Mail Armor
30:08 Ballistics
29:56 Scale Barding Armor
30:18 Town Patrol
31:24 Stone Mining
31:57 Chain Barding Armor
31:48 Forging
32:08 Husbandry
32:18 Bloodlines
32:54 Stone Shaft Mining
32:37 Fortified Wall
32:44 Chain Mail Armor
34:46 Iron Casting
35:38 Chemistry
34:36 Murder Holes
35:49 Plate Barding Armor
36:52 Elite Battle Elephant
38:37 Blast Furnace
40:13 Padded Archer Armor
40:03 Fletching
40:16 Pikeman
40:44 Arson
41:41 Tusk Swords
42:37 Leather Archer Armor
42:17 Bodkin Arrow
42:13 Halberdier
48:26 Ring Archer Armor
47:56 Bracer
52:27 Double Crossbow
51:50 Elite Ballista Elephant
55:08 Onager
55:30 Elite Skirmisher
90:02 Light Cavalry
91:10 Hussar
zivrisinek
0:32 Loom
17:34 Feudal Age
19:48 Wheelbarrow
18:58 Town Watch
18:56 Horse Collar
19:05 Double-Bit Axe
19:12 Stone Mining
20:13 Forging
20:11 Gold Mining
21:18 Scale Mail Armor
21:44 Fletching
21:55 Padded Archer Armor
21:28 Man-at-Arms
28:36 Castle Age
27:44 Scale Barding Armor
29:29 Heavy Plow
29:47 Hand Cart
29:32 Town Patrol
29:47 Bow Saw
30:16 Stone Shaft Mining
30:19 Gold Shaft Mining
29:52 Caravan
37:27 Murder Holes
39:18 Ballistics
40:59 Pikeman
42:14 Nomads
42:55 Squires
44:45 Bodkin Arrow
46:47 Leather Archer Armor
47:42 Chain Mail Armor
48:53 Fortified Wall
48:54 Masonry
48:32 Crossbowman
50:23 Husbandry
50:34 Bloodlines
49:48 Elite Skirmisher
53:45 Iron Casting
53:31 Chain Barding Armor
59:27 Imperial Age
60:31 Conscription
60:31 Heavy Camel Rider
62:08 Siege Engineers
63:04 Chemistry
63:35 Plate Mail Armor
64:05 Blast Furnace
63:06 Bracer
62:59 Guard Tower
65:30 Elite Steppe Lancer
69:05 Capped Ram
69:34 Imperial Skirmisher
70:20 Thumb Ring
71:57 Arbalester
73:04 Parthian Tactics
72:00 Heavy Cavalry Archer
73:10 Siege Ram
80:00 Hoardings
79:25 Light Cavalry
Sykik
6:25 Loom
11:31 Feudal Age
17:19 Castle Age
15:39 Double-Bit Axe
17:04 Horse Collar
18:42 Bow Saw
24:35 Crossbowman
33:56 Imperial Age
31:10 Pikeman
32:26 Fletching
32:47 Forging
32:38 Scale Mail Armor
32:39 Padded Archer Armor
34:08 Bloodlines
35:01 Chatras
35:31 Bodkin Arrow
37:33 Paper Money
40:34 Elite Battle Elephant
40:53 Elite Skirmisher
41:41 Imperial Skirmisher
53:12 Light Cavalry
54:27 Husbandry
Connection lost

Rejoining the realm…

Still unreachable

The connection could not be restored.

Session expired

The server has moved on; the page needs a fresh start.